[Event "*** SCC Grand Prix: Titled Tuesday Blitz"]
[Site "Chess.com"]
[Date "2020.06.02"]
[Round "10"]
[White "peixe64"]
[Black "Mikasinski"]
[Result "1/2-1/2"]
[WhiteElo "2263"]
[BlackElo "2461"]
[TimeControl "180+1"]
[EndTime "11:59:07 PDT"]
[Termination "Game drawn - insufficient material"]

1. d4 Nf6 2. c4 g6 3. Nc3 Bg7 4. e4 d6 5. h3 O-O 6. Be3 Nc6 7.
g4 e5 8. d5 Nd4 9. Bg2 c5 10.
Nge2 h5 11. f3 Rb8 12. a4 Qa5 13. O-O Qb4 14. Nb5 Qxc4 15. Nexd4 cxd4 16. Nxd6 Qc5 17. Nxc8 dxe3 18. Rc1 e2+ 19. Rxc5 exd1=Q 20. Ne7+ Kh7 21. Rxd1 Rfd8 22. d6 Ne8 23. d7 hxg4 24. hxg4 Bf6 25. Nd5 Rxd7 26. Nxf6+ Nxf6 27. Rxd7 Nxd7 28. Rd5 Nb6 29.
Rxe5 Nxa4 30. b3 Nc3 31. Kf2 Kg7 32. Re7 a5 33. Bf1 Na2 34. Bc4 b5 35. Rxf7+ Kh8 36. Bd5 Nc3 37. Be6 a4 38. bxa4 bxa4 39. Rc7 Nb5 40.
Rc8+ Rxc8 41. Bxc8 a3 42. Be6 Kg7 43. Ke3 Kf6 44.
Bb3 g5 45. f4 gxf4+ 46. Kxf4 Nd4 47. g5+ Kg6 48. Ba2 Ne2+ 49. Ke3 Nc3 50. Bc4 Kxg5 51. Kd3 Nd1 52. Ba2 Kf4 53. Kc2 Ne3+ 54. Kb3 Kxe4 55. Kxa3 1/2-1/2

[Event "*** SCC Grand Prix: Titled Tuesday Blitz"]
[Site "Chess.com"]
[Date "2020.06.02"]
[Round "10"]
[White "ZAbdumalik"]
[Black "Morshynska"]
[Result "0-1"]
[WhiteElo "2610"]
[BlackElo "2219"]
[TimeControl "180+1"]
[EndTime "11:59:07 PDT"]
[Termination "Morshynska won by resignation"]

1. e4 e5 2. Nf3 Nc6 3. Bb5 a6 4. Ba4 Nf6 5. O-O b5 6. Bb3 Bb7 7. d3 Be7 8. c3 O-O 9. Re1 h6 10. Nbd2 Re8 11. Nf1 Bf8 12. Ne3 g6 13. a4 Na5 14.
Ba2 c5 15. Bd2 c4 16. dxc4 bxc4 17. Nxc4 Nxc4 18. Bxc4 Bxe4 19. a5 d5 20. Bf1 Qc7 21.
Be3 Qb7 22. Bb6 Bg7 23. Nd2 Bf5 24. b4 Nd7 25. Nb3 Nxb6 26. Nc5 Qc6 27. axb6 Qxb6 28. Rxa6 Rxa6 29. Nxa6 d4 30. cxd4 Rd8 31. d5 Bc8 32.
Nc5 Qxb4 33. Ne4 Qd4 34. d6 Bb7 35. Qxd4 exd4 36. Bc4 Bxe4 37. Rxe4 Rxd6 38. Re8+ Bf8 39. Kf1 d3 40. Ke1 d2+ 41. Kd1 Kg7 42. Rc8 Rd4 43.
Rc7 Bb4 44. Bxf7 Kh8 45. Bxg6 Rg4 46. Bh5 Rxg2 47. Ke2 Rg1 48. Rd7 Re1+ 49. Kf3 d1=Q+ 50. Rxd1 Rxd1 51. Kf4 Rd6 52. Kf5 Kg7 53. f4 Rf6+ 0-1

[Event "*** SCC Grand Prix: Titled Tuesday Blitz"]
[Site "Chess.com"]
[Date "2020.06.02"]
[Round "10"]
[White "Aguiar94"]
[Black "stolencandy13"]
[Result "1-0"]
[WhiteElo "2441"]
[BlackElo "2557"]
[TimeControl "180+1"]
[EndTime "11:59:08 PDT"]
[Termination "Aguiar94 won by resignation"]

1. e4 c6 2. d4 d5 3. e5 Bf5 4.
Nf3 e6 5. Be2 Nd7 6. O-O Bg6 7.
a4 Nh6 8. a5 a6 9. Nbd2 Nf5 10.
Nb3 Be7 11. Bd2 Rc8 12. c4 Bh5 13. Rc1 O-O 14. h3 Bxf3 15. Bxf3 f6 16. exf6 Bxf6 17. Bb4 Re8 18. cxd5 exd5 19. Qd3 Nh4 20. Bg4 Ra8 21. Rfe1 Ng6 22. g3 Kh8 23. Rxe8+ Qxe8 24. Re1 Qd8 25.
h4 Ngf8 26. h5 b6 27. h6 g6 28. Qc3 c5 29. Ba3 Qc7 30. axb6 Qxb6 31. Nxc5 Nxc5 32.
Bxc5 Qd8 33. Qf3 Bg5 34. Qf7 Qf6 35. Qb7 Rd8 36. Be7 Qf7 37. Bxd8 Qxb7 38. Bxg5 Kg8 39. Re7 Qb6 40. Rg7+ Kh8 41. Rf7 Kg8 42. Rg7+ Kh8 43. Kg2 Qxd4 44. Bf3 Qxg7 45. hxg7+ Kxg7 46. Bxd5 h6 47.
Be3 Nd7 48. b4 Nf6 49. Bb7 Nd7 50. Bxa6 Kf7 51. Bc4+ Ke7 52. b5 Kd6 53. b6 Kc6 54. Bf7 Ne5 55. Be8+ Kb7 56. f4 Nc4 57. Bf2 g5 58. fxg5 hxg5 59. Kh3 Nd6 60. Bg6 Nc8 61. Be4+ Ka6 62. b7 1-0

[Event "*** SCC Grand Prix: Titled Tuesday Blitz"]
[Site "Chess.com"]
[Date "2020.06.02"]
[Round "10"]
[White "carlesdc96"]
[Black "Skatchkov_V"]
[Result "0-1"]
[WhiteElo "2729"]
[BlackElo "2568"]
[TimeControl "180+1"]
[EndTime "11:59:09 PDT"]
[Termination "Skatchkov_V won on time"]

1. e4 e5 2. Nf3 Nf6 3. Nxe5 d6 4. Nf3 Nxe4 5. d3 Nf6 6. d4 Be7 7. Bd3 O-O 8. O-O Bg4 9. h3 Bh5 10. Re1 c6 11. Nbd2 d5 12. Nf1 Re8 13. Ng3 Bg6 14.
Ne5 Nbd7 15. f4 Bxd3 16. Qxd3 Nf8 17. Bd2 Qb6 18. c3 c5 19. Nf5 Ne4 20. Be3 Qxb2 21. Rab1 Qxc3 22. Qxc3 Nxc3 23. Rxb7 Bf6 24. Ng4 Bxd4 25. Ne7+ Kh8 26. Bxd4 cxd4 27. Ne5 h6 28.
Nxf7+ Kh7 29. Nd6 d3 30. Rf1 Rxe7 31. Rxe7 d2 32. Nf5 d1=Q 33. Rxd1 Nxd1 34. Rxg7+ Kh8 35. Rf7 Nc3 36. Rf6 Rd8 37. Rxh6+ Nh7 38. Nd4 Kg8 39. Ra6 Rd7 40. Kf2 Kf7 41. g4 Nf6 42. f5 Nfe4+ 43. Ke3 Nc5 44. Rc6 Re7+ 45. Kf3 N5e4 46. Ne6 Nb5 47. Kf4 Nbd6 48. g5 Rb7 49. Nd4 Ke7 50.
Ra6 Rb1 51. Rxa7+ Ke8 0-1

[Event "*** SCC Grand Prix: Titled Tuesday Blitz"]
[Site "Chess.com"]
[Date "2020.06.02"]
[Round "10"]
[White "CrushingKings"]
[Black "Susal_De_Silva"]
[Result "0-1"]
[WhiteElo "2474"]
[BlackElo "2357"]
[TimeControl "180+1"]
[EndTime "11:59:09 PDT"]
[Termination "Susal_De_Silva won on time"]

1. e4 e5 2. Nf3 Nc6 3. Bc4 Nf6 4. d3 Bc5 5. O-O O-O 6. c3 d5 7. exd5 Nxd5 8. a4 a6 9. Nbd2 Nf4 10. Ne4 Ba7 11.
Bxf4 exf4 12. h3 h6 13. d4 Kh8 14. Re1 f5 15. Ned2 g5 16. d5 Ne7 17. Ne5 Kg7 18.
Ndf3 Bc5 19. h4 g4 20. Nd4 Ng6 21. Nxg6 Kxg6 22. Qd2 Bd6 23. Ne6 Bxe6 24. Rxe6+ Kh5 25. g3 Rf6 26. Rae1 fxg3 27. fxg3 Bxg3 28. Rf1 Qf8 29. Bd3 Rxe6 30. dxe6 f4 31. Qe2 Qf6 32. Qe4 Rg8 33. Qd5+ Kxh4 34. e7 Qxe7 35. Qh1+ Kg5 36. Qd5+ Kh4 37. Qh1+ Kg5 38. Qd5+ Kf6 39. Qf5+ Kg7 40.
Bc4 Rf8 41. Qxg4+ Qg5 42. Qd7+ Kg6 43. Bd3+ Kh5 44. Qh3+ Bh4+ 45. Kh1 Rg8 46. Be2+ Kg6 47. Rg1 Bg3 48. Bd3+ Kg7 49. Qd7+ Kf6 50. Kg2 Qe5 51. Rf1 Be1+ 0-1

[Event "*** SCC Grand Prix: Titled Tuesday Blitz"]
[Site "Chess.com"]
[Date "2020.06.02"]
[Round "10"]
[White "Chess_Boxer123"]
[Black "Oleksandr_Bortnyk"]
[Result "1/2-1/2"]
[WhiteElo "2722"]
[BlackElo "2943"]
[TimeControl "180+1"]
[EndTime "11:59:10 PDT"]
[Termination "Game drawn by repetition"]

1. e4 Nf6 2. e5 Nd5 3. d4 d6 4.
Nf3 dxe5 5. Nxe5 c6 6. Be2 Bf5 7. O-O Nd7 8. Nxd7 Qxd7 9. c4 Nb4 10. Na3 e6 11. Be3 Be7 12. Bg4 Bg6 13. Bh5 O-O 14. Bxg6 hxg6 15. Nc2 a5 16. a3 Nxc2 17. Qxc2 a4 18.
Rad1 b5 19. h3 Rfd8 20. Rfe1 Rab8 21. Re2 Rb7 22. Red2 Rc8 23. Rc1 Ra8 24. Qe4 Bf6 25.
d5 cxd5 26. cxd5 exd5 27. Rxd5 Qe6 28. Qxe6 fxe6 29. Rd2 b4 30. Rc4 bxa3 31. bxa3 Rb3 32.
Ra2 Be5 33. g4 Bd6 34. Bc1 Rxh3 35. Rc6 Rd3 36. Kg2 Kf7 37. Kf1 Bf8 38. Ke2 Rb3 39. Rc7+ Kg8 40. Rc6 e5 41. Rxg6 Rc8 42. Be3 Rxa3 43. Rxa3 Bxa3 44. Ra6 Rc4 45. g5 Kf7 46. g6+ Ke7 47. Kd3 Rg4 48. f3 Rg2 49. Rxa4 Bd6 50. Ra7+ Kf6 51. Ra6 Ke7 52. Ra7+ Kf6 53. Ra6 Ke7 54.
Ra7+ 1/2-1/2

[Event "*** SCC Grand Prix: Titled Tuesday Blitz"]
[Site "Chess.com"]
[Date "2020.06.02"]
[Round "10"]
[White "TregubovP"]
[Black "yobdc"]
[Result "1-0"]
[WhiteElo "2575"]
[BlackElo "2223"]
[TimeControl "180+1"]
[EndTime "11:59:10 PDT"]
[Termination "TregubovP won by resignation"]

1. e4 e5 2. Nf3 Nc6 3. Bb5 a6 4.
Ba4 Nf6 5. d4 exd4 6. O-O Be7 7.
e5 Ne4 8. Nxd4 Nc5 9. Nf5 g6 10.
Nxe7 Qxe7 11. Nc3 Nxa4 12. Nd5 Qd8 13. Nf6+ Ke7 14. Bg5 Kf8 15. Bh6+ Ke7 16. Bg5 Kf8 17. Nxh7+ Rxh7 18. Bxd8 Nxd8 19. Qd4 Nb6 20. Qc5+ Ke8 21. Qxc7 Nd5 22. Qd6 Ne7 23. a4 Ne6 24. a5 Nf5 25. Qd3 Rh4 26. c3 d5 27. exd6 Bd7 28. g3 Rh7 29. Rfe1 Bc6 30. Re5 Kd7 31. h4 Rah8 32.
Rae1 Nxh4 33. gxh4 Rxh4 34. f3 Rh2 35. Rxe6 fxe6 36.
Qxg6 Rh1+ 37. Kf2 R8h2+ 38. Kg3 Rh3+ 39. Kg4 Rh4+ 40. Kg5 Rxe1 41. Qf7+ Kxd6 42. Kxh4 Rh1+ 43. Kg3 Rg1+ 44. Kf2 Rb1 45. b4 Rb2+ 46. Ke3 Rc2 47.
Kd3 Rf2 48. Ke3 Rc2 49. Qf8+ Kd7 50. Qg7+ Kd6 51. f4 Rxc3+ 52. Qxc3 Bd5 53. Qc5+ Kd7 54. Kd4 Kd8 55. Ke5 Bb3 56. Kd6 Ke8 57.
Qc7 Kf8 58. Qxb7 Bd5 1-0

[Event "*** SCC Grand Prix: Titled Tuesday Blitz"]
[Site "Chess.com"]
[Date "2020.06.02"]
[Round "10"]
[White "IngOscarArdila"]
[Black "monalize"]
[Result "1/2-1/2"]
[WhiteElo "2099"]
[BlackElo "2269"]
[TimeControl "180+1"]
[EndTime "11:59:10 PDT"]
[Termination "Game drawn by repetition"]

1. d4 Nf6 2. c4 d6 3. Nf3 g6 4. Nc3 Bg7 5. e4 O-O 6. Be2 Nbd7 7. O-O c6 8. Bg5 e5 9. d5 c5 10. a3 h6 11. Bxf6 Nxf6 12. b4 b6 13. bxc5 bxc5 14.
Rb1 Nh5 15. g3 Nf6 16. Qc2 Ne8 17. Nb5 f5 18. Nd2 Nf6 19. f3 h5 20. h4 f4 21.
gxf4 Nh7 22. f5 a6 23. fxg6 axb5 24. gxh7+ Kh8 25. cxb5 Qxh4 26. Rf2 Bh6 27. Nf1 Ra7 28. Rg2 Rxh7 29. Bd1 Bh3 30. Qf2 Qe7 31. Rh2 Qd7 32.
Kh1 Bf4 33. b6 Bxh2 34. Qxh2 Bxf1 35. b7 Rb8 36. f4 Rxb7 37. Rxb7 Qxb7 38. fxe5 Qb1 39.
Qd2 Bd3 40. Kh2 Bxe4 41. Qf4 Bf5 42. Bf3 Qc2+ 43. Bg2 h4 44. exd6 h3 45. Qe5+ Rg7 46.
Qe8+ Kh7 47. Qh5+ Kg8 48. Qe8+ Kh7 49. Qh5+ Kg8 50. Qe8+ Kh7 1/2-1/2

[Event "*** SCC Grand Prix: Titled Tuesday Blitz"]
[Site "Chess.com"]
[Date "2020.06.02"]
[Round "10"]
[White "Maksimus1998"]
[Black "hectorfiori"]
[Result "1-0"]
[WhiteElo "2513"]
[BlackElo "2374"]
[TimeControl "180+1"]
[EndTime "11:59:11 PDT"]
[Termination "Maksimus1998 won by resignation"]

1. e4 c5 2. Nf3 e6 3. b3 d5 4.
exd5 exd5 5. Bb5+ Nc6 6. O-O Nf6 7. Re1+ Be7 8. Ne5 Qb6 9. Bxc6+ bxc6 10. Bb2 Be6 11. Nf3 O-O 12. Ng5 c4 13. Nxe6 fxe6 14. Nc3 cxb3 15. axb3 Bc5 16. Qe2 Ne4 17. Nxe4 dxe4 18.
Rf1 Rad8 19. Rad1 Qb4 20. Qg4 g6 21. Qxe6+ Rf7 22. Qe5 Bd4 23. Bxd4 Qxd4 24. Qxd4 Rxd4 25. Rfe1 Rfd7 26. Re2 Kf7 27. Kf1 Kf6 28. Ke1 Kf5 29.
Ra1 a5 30. Rxa5+ Kf4 31. Ra4 Rxa4 32. bxa4 Ra7 33. g3+ Kf5 34. Re3 Rxa4 35. Ke2 c5 36.
Rc3 c4 37. f3 g5 38. fxe4+ Kxe4 39. g4 h6 40. h3 Kf4 41. Rf3+ Ke5 42. Rf5+ Ke6 43. Rc5 Kd6 44. Rf5 Ke6 45. Rb5 Ra3 46. c3 Kf6 47. Rb6+ Ke5 48. Rxh6 Kf4 49. Rc6 Kg3 50.
Rxc4 Kxh3 51. Re4 Ra2 52. Kd3 Ra1 53. c4 Rg1 54. c5 Rxg4 55. Rxg4 Kxg4 56. c6 Kf3 57. c7 g4 58. c8=Q g3 59. Qf5+ Kg2 60. Ke2 Kh2 61. Kf3 g2 62. Qh5+ Kg1 63. Qh3 1-0

[Event "*** SCC Grand Prix: Titled Tuesday Blitz"]
[Site "Chess.com"]
[Date "2020.06.02"]
[Round "10"]
[White "vlad_Sid"]
[Black "BogdanDeac"]
[Result "1/2-1/2"]
[WhiteElo "2657"]
[BlackElo "2908"]
[TimeControl "180+1"]
[EndTime "11:59:12 PDT"]
[Termination "Game drawn by repetition"]

1. c4 e6 2. g3 d5 3. Bg2 Nf6 4. Nf3 Be7 5. O-O O-O 6. b3 d4 7. e3 c5 8. b4 dxe3 9. fxe3 cxb4 10. a3 Qc7 11. Qe2 b6 12. axb4 Bxb4 13. Ba3 Bxa3 14. Nxa3 Bb7 15. Nb5 Qe7 16. d4 a6 17. Nc3 Rc8 18. e4 Qb4 19. Rfc1 Rxc4 20. Rab1 Rxc3 21.
Rxb4 Rxc1+ 22. Ne1 Nbd7 23. Rc4 Rc8 24. Rxc8+ Rxc8 25. e5 Nd5 26. Bxd5 Bxd5 27. Qxa6 Rc1 28. Kf2 h6 29.
Nd3 Rc2+ 30. Ke3 Rxh2 31. Qc8+ Nf8 32. Nf4 Bh1 33. Qa6 g5 34. Ne2 Ng6 35. Qxb6 Bd5 36.
Qb8+ Kg7 37. Qb6 Ne7 38. Qd8 Nf5+ 39. Kd3 Bf3 40. Qf6+ Kg8 41. Nc3 Rh1 42. Nb5 Rd1+ 43. Kc3 Rc1+ 44. Kb2 Rc6 45. Nd6 Nxd6 46. Qd8+ Ne8 47.
Qxe8+ Kg7 48. Qd8 Bd5 49. Qf6+ Kg8 50. Qxh6 Rb6+ 51. Kc2 Rb3 52. Qxg5+ Kh7 53. Qh5+ Kg7 54. Qg5+ Kh7 55. Qf4 Kg7 56. Qg5+ Kh7 1/2-1/2

[Event "*** SCC Grand Prix: Titled Tuesday Blitz"]
[Site "Chess.com"]
[Date "2020.06.02"]
[Round "10"]
[White "Virgo15"]
[Black "Konavets"]
[Result "0-1"]
[WhiteElo "2761"]
[BlackElo "2968"]
[TimeControl "180+1"]
[EndTime "11:59:13 PDT"]
[Termination "Konavets won on time"]

1. d4 Nf6 2. Nf3 e6 3. Bf4 c5 4. e3 d5 5. Nbd2 Bd6 6. Bg3 O-O 7. c3 Qc7 8. dxc5 Qxc5 9. Bd3 Nbd7 10. Qe2 Re8 11.
e4 dxe4 12. Nxe4 Nxe4 13. Qxe4 Nf6 14. Qd4 Qxd4 15. Nxd4 Bxg3 16. hxg3 Bd7 17. O-O-O g6 18. f3 h5 19. Rhe1 Kg7 20. Re5 Rac8 21. Nb3 Rc7 22.
Nc5 Bc6 23. Ne4 Nd7 24. Ra5 b6 25. Ra3 Ne5 26. Bc2 Nc4 27. Rb3 Ne3 28. Rd2 Nxc2 29. Rxc2 Ba4 30. Rd2 Bxb3 31. axb3 Ree7 32. Rd8 Red7 33.
Rb8 Rd5 34. b4 Rcd7 35. Kc2 Rd1 36. c4 Rg1 37. c5 Rxg2+ 38. Kc3 Rg1 39. Kc4 Rc1+ 40.
Nc3 bxc5 41. bxc5 g5 42. c6 Rc7 43. Kc5 h4 44. gxh4 gxh4 45. Rb4 h3 46. Rh4 Rc2 47. Kd6 Rc8 48. Kd7 Rf8 49. Ne4 h2 50. c7 f5 51.
Nd6 Rh8 52. Ne8+ Rxe8 53. Kxe8 Rxc7 54. Rxh2 Kf6 55. f4 e5 56. Kd8 Rc4 57. fxe5+ Kxe5 58. Rh7 a5 59. Ra7 a4 60. Ke7 f4 61. Ra5+ Ke4 62.
Kf6 f3 63. Re5+ Kd3 64. Kg5 f2 65. Rf5 Ke2 66. Re5+ Kf3 67. Rf5+ Kg2 68. Rf4 Rxf4 0-1

[Event "*** SCC Grand Prix: Titled Tuesday Blitz"]
[Site "Chess.com"]
[Date "2020.06.02"]
[Round "10"]
[White "c63_amg"]
[Black "Marty435"]
[Result "1-0"]
[WhiteElo "2675"]
[BlackElo "2439"]
[TimeControl "180+1"]
[EndTime "11:59:13 PDT"]
[Termination "c63_amg won by checkmate"]

1. e4 c6 2. d4 d5 3. e5 Bf5 4. h4 h6 5. g4 Be4 6. f3 Bh7 7.
Bd3 Bxd3 8. Qxd3 e6 9. h5 c5 10. c3 Nd7 11. f4 Ne7 12. Nf3 Nc6 13. a3 Qb6 14. b4 cxd4 15. cxd4 Rc8 16. Bd2 a5 17. b5 Na7 18. a4 Bb4 19. Nc3 Qc7 20.
Rc1 Nb6 21. Ke2 Qc4 22. Qxc4 Rxc4 23. Na2 Bxd2 24. Rxc4 Nxc4 25. Nxd2 Nb6 26. Rc1 Kd7 27. Nc3 Rc8 28. Nb3 Ke7 29. Kd3 Rc7 30. f5 Nac8 31.
Nxa5 Kd7 32. Nb3 Nc4 33. Nc5+ Ke7 34. fxe6 fxe6 35. a5 Nxa5 36. Rf1 b6 37. g5 bxc5 38. gxh6 gxh6 39. Rf6 cxd4 40. Kxd4 Nb3+ 41. Kd3 Nc5+ 42. Ke3 Nb6 43. Rxh6 Nc4+ 44. Kd4 Nb3+ 45. Kd3 Nb2+ 46. Kc2 Na4 47. Rh7+ Kd8 48. Rxc7 Kxc7 49. Nxa4 Nd4+ 50. Kd3 Nf5 51. Nc5 Kb6 52. Nxe6 Kxb5 53. Nd4+ Nxd4 54. Kxd4 Kc6 55. h6 Kd7 56. h7 Ke6 57. h8=Q Kd7 58. Qf6 Kc7 59. e6 Kd6 60. e7+ Kd7 61. e8=Q+ Kxe8 62. Kxd5 Kd7 63. Qg7+ Kc8 64. Kd6 Kb8 65. Kc6 Ka8 66. Qb7# 1-0

[Event "*** SCC Grand Prix: Titled Tuesday Blitz"]
[Site "Chess.com"]
[Date "2020.06.02"]
[Round "10"]
[White "LittlePeasant"]
[Black "LizaSolovyova"]
[Result "1-0"]
[WhiteElo "2804"]
[BlackElo "2539"]
[TimeControl "180+1"]
[EndTime "11:59:14 PDT"]
[Termination "LittlePeasant won on time"]

1. Nf3 f5 2. d4 Nf6 3. Bf4 e6 4. h3 Be7 5. e3 O-O 6. Nbd2 d5 7.
Bd3 c6 8. Qe2 Nbd7 9. g4 Ne4 10.
gxf5 exf5 11. O-O-O Bf6 12. Rdg1 Qa5 13. Kb1 b5 14. Nb3 Qb6 15. Ne5 a5 16. Nxd7 Bxd7 17. Bxe4 dxe4 18. Nc5 Ra7 19. Bg5 Qd8 20. Qh5 Be8 21.
Qh4 Qd6 22. Rg2 a4 23. a3 Bg6 24. Rhg1 Qd5 25. Bxf6 Rxf6 26. Qf4 Qd6 27. Qxd6 Rxd6 28. Kc1 Kf7 29. h4 Kf6 30. Kd2 Bh5 31. Kc3 Bf3 32. Rg5 g6 33. R5g3 Rd5 34. Kb4 Rd8 35. Ra1 Rb8 36.
Rgg1 Rd8 37. b3 Rb8 38. Rgb1 axb3 39. cxb3 Rba8 40. a4 Ke7 41. a5 Kd6 42. Rc1 Be2 43. a6 Bf3 44. Ka5 Rb8 45. Kb4 Rba8 46. Ra2 h6 47. Rg1 Bg4 48. Ka5 Bh5 49. Rc2 Rb8 50. Kb4 Rba8 51. Ka5 Rb8 52. Rgc1 g5 53. hxg5 hxg5 54.
Rh1 Bf3 55. Rh6+ Kd5 56. Nb7 1-0

[Event "*** SCC Grand Prix: Titled Tuesday Blitz"]
[Site "Chess.com"]
[Date "2020.06.02"]
[Round "10"]
[White "saraswathii"]
[Black "FMOlexandrProhorov"]
[Result "1-0"]
[WhiteElo "2368"]
[BlackElo "2106"]
[TimeControl "180+1"]
[EndTime "11:59:14 PDT"]
[Termination "saraswathii won on time"]

1. e4 c5 2. Nf3 e6 3. d3 Nc6 4.
g3 g6 5. Bg2 Bg7 6. O-O d6 7. c3 Nge7 8. Be3 O-O 9. d4 cxd4 10.
cxd4 d5 11. e5 Nf5 12. Qd2 Qb6 13. Nc3 Na5 14. b3 Bd7 15. Rac1 Rac8 16. h4 Bb5 17.
Rfd1 a6 18. Bf4 Bd7 19. h5 Nc6 20. hxg6 fxg6 21. Na4 Qa7 22. Nc5 Rcd8 23. Bg5 Bc8 24. Bxd8 Rxd8 25. Rc2 Rf8 26. Qe2 Bh6 27. g4 Nfe7 28.
g5 Bg7 29. Bh3 Nf5 30. Bxf5 Rxf5 31. Qe3 Qb6 32. Nh4 Rf8 33. Ng2 Qd8 34. Nxa6 Ne7 35. Nc5 Nf5 36. Qc1 b6 37. Na4 Bd7 38. Nc3 h6 39. Ne2 hxg5 40. Ng3 Nh4 41. Nxh4 gxh4 42. Nf1 Kh7 43. Rc3 Bh6 44. Qc2 Qg5+ 45. Kh1 Rf4 46.
Rc7 Rf7 47. Nh2 Qh5 48. Rg1 h3 49. a4 Be8 50. Rxf7+ Bxf7 51. Ng4 h2 52. Nf6+ Kh8 53. Nxh5 gxh5 54. Rg2 Bf4 55. Qc7 1-0

[Event "*** SCC Grand Prix: Titled Tuesday Blitz"]
[Site "Chess.com"]
[Date "2020.06.02"]
[Round "10"]
[White "ChelsieMonica"]
[Black "kushagramohan"]
[Result "0-1"]
[WhiteElo "2458"]
[BlackElo "2628"]
[TimeControl "180+1"]
[EndTime "11:59:15 PDT"]
[Termination "kushagramohan won by checkmate"]

1. c4 Nf6 2. Nf3 g6 3. e3 Bg7 4. Nc3 O-O 5. Be2 d6 6. O-O Nbd7 7. h3 e5 8. b3 c5 9. d4 e4 10.
Ne1 Re8 11. Bb2 Nb6 12. a4 a5 13. Nb5 Qe7 14. Qd2 Be6 15. Rd1 Rad8 16. Qxa5 Nfd7 17.
Nc7 Rf8 18. Ba3 Bf5 19. g4 Qg5 20. Ng2 Kh8 21. gxf5 gxf5 22. f4 Qg3 23. Qe1 Qg6 24. Kh2 Bf6 25. Rg1 Qh6 26. dxc5 dxc5 27. Rd6 Rg8 28.
Bb2 Nc8 29. Bxf6+ Nxf6 30. Rxf6 Qxf6 31. Nd5 Qb2 32. Qh4 Rd6 33. Bh5 Rh6 34. a5 Qg7 35.
Kh1 Qb2 36. a6 bxa6 37. Kh2 a5 38. Nc7 Qxb3 39. Rd1 Qxd1 40. Bxd1 Rxg2+ 41. Kxg2 Rxh4 42. Ba4 Rh6 43. Nd5 Rd6 44. Kf2 Nb6 45. Nxb6 Rxb6 46.
Bb5 Kg7 47. Kg3 Kf6 48. Kh4 Ke7 49. Kg5 Rxb5 50. cxb5 a4 51. Kxf5 a3 52. b6 Kd7 53. Kf6 Kc6 54. Kxf7 a2 55. f5 a1=Q 56. f6 Kxb6 57. Kg7 Qe5 58. Kh8 Qxf6+ 59. Kg8 h5 60. h4 c4 61. Kh7 c3 62. Kg8 c2 63.
Kh7 c1=R 64. Kg8 Rc8+ 65. Kh7 Rh8# 0-1

[Event "*** SCC Grand Prix: Titled Tuesday Blitz"]
[Site "Chess.com"]
[Date "2020.06.02"]
[Round "10"]
[White "freshfoodcompany"]
[Black "WonderChampion"]
[Result "1-0"]
[WhiteElo "2211"]
[BlackElo "1978"]
[TimeControl "180+1"]
[EndTime "11:59:15 PDT"]
[Termination "freshfoodcompany won on time"]

1. d4 d5 2. c4 e6 3. Nc3 c6 4. e4 dxe4 5. Nxe4 Bb4+ 6. Nc3 Nf6 7. Nf3 O-O 8. Bd3 Nbd7 9. O-O Nb6 10. Qc2 h6 11. Bf4 c5 12. a3 Bxc3 13. bxc3 cxd4 14.
cxd4 Bd7 15. Ne5 Bc6 16. Nxc6 bxc6 17. Rfd1 Kh8 18. Be2 Qe7 19. Bf3 Rac8 20. c5 Nbd5 21. Bd6 Qd7 22. Bxf8 Rxf8 23. Bxd5 exd5 24. f3 Nh5 25.
Re1 f5 26. Qd2 f4 27. Re5 Qf7 28. Rae1 Qg6 29. Re6 Rf6 30. Rxf6 Qxf6 31. Re8+ Kh7 32. Qd3+ g6 33. Re1 Ng7 34. Rb1 Qe7 35. Qd2 Qf7 36. Re1 Ne6 37. Qd3 Qf6 38. h3 Nxd4 39. Qd2 Ne6 40. Rc1 Nd4 41. Qf2 Nb3 42. Re1 Na5 43.
Kh2 Nc4 44. a4 Ne3 45. Qd2 Qg5 46. Rc1 Qg3+ 47. Kg1 g5 48. Re1 h5 49. Qd3+ 1-0

[Event "*** SCC Grand Prix: Titled Tuesday Blitz"]
[Site "Chess.com"]
[Date "2020.06.02"]
[Round "10"]
[White "Mbneu"]
[Black "MartinMatthiesen"]
[Result "0-1"]
[WhiteElo "2228"]
[BlackElo "2358"]
[TimeControl "180+1"]
[EndTime "11:59:18 PDT"]
[Termination "MartinMatthiesen won on time"]

1. d4 Nf6 2. c4 e6 3. Nc3 d5 4. Nf3 Be7 5. g3 O-O 6. Bg2 dxc4 7. Ne5 c5 8. dxc5 Qxd1+ 9. Nxd1 Bxc5 10. Nxc4 Nc6 11. O-O Bd7 12. Be3 Bxe3 13. Ndxe3 Rfd8 14. Rfd1 Rab8 15. a3 Kf8 16. b4 Ne7 17. Na5 b6 18. Nb7 Rdc8 19. Nd6 Rc7 20. Rac1 Rxc1 21. Rxc1 Ne8 22.
Nxe8 Kxe8 23. Rc7 a5 24. Nc4 axb4 25. axb4 Kd8 26. Ra7 Nc8 27. Ra2 Bb5 28. Ne5 Ke7 29. Rc2 f6 30. Rc7+ Kd6 31. Rxg7 fxe5 32. Rxh7 Bxe2 33.
h4 Ne7 34. h5 Bd3 35. Rf7 Rg8 36. h6 Rh8 37. Rf6 Nd5 38. Bxd5 Kxd5 39. g4 e4 40. g5 Ke5 41. Rf7 Rg8 42. Rg7 Rh8 43.
h7 e3 44. f4+ Kxf4 45. g6 Bxg6 46. Rxg6 Rxh7 47. Rxe6 b5 48. Kf1 Rh5 49. Ke2 Rh2+ 50. Ke1 Rb2 51. Rf6+ Ke5 0-1

[Event "*** SCC Grand Prix: Titled Tuesday Blitz"]
[Site "Chess.com"]
[Date "2020.06.02"]
[Round "10"]
[White "annamaja"]
[Black "pastouche06"]
[Result "0-1"]
[WhiteElo "2186"]
[BlackElo "2477"]
[TimeControl "180+1"]
[EndTime "11:59:19 PDT"]
[Termination "pastouche06 won by resignation"]

1. e4 c6 2. d4 d5 3. e5 Bf5 4. Nf3 e6 5. Be2 Ne7 6. O-O Ng6 7. c4 dxc4 8. Bxc4 Nd7 9. Nc3 Nb6 10. Bd3 Bxd3 11. Qxd3 Be7 12. Ne4 O-O 13. Bg5 Nxe5 14. Nxe5 Bxg5 15. Qg3 Bh4 16. Qd3 Be7 17. Rfd1 Nd7 18.
Nf3 Nf6 19. Nxf6+ Bxf6 20. Qe4 Qd5 21. Qxd5 exd5 22. Re1 Rfe8 23. Rad1 Kf8 24. Rxe8+ Rxe8 25. Kf1 Re4 26. Rd3 Ke7 27. Ra3 Bxd4 28. Nxd4 Rxd4 29.
Rxa7 Rb4 30. b3 Kd6 31. Ke2 Kc7 32. Ra8 Rh4 33. h3 Rf4 34. Rg8 g6 35. g3 Re4+ 36. Kd3 h5 37. Rg7 Re7 38. f4 c5 39. f5 gxf5 40. Rg5 d4 41. Rxh5 Re3+ 42. Kc4 b6 43. Rxf5 Rxg3 44. Rxf7+ Kc6 45. Rf6+ Kb7 46. h4 Rc3+ 47. Kb5 Rh3 48. Rf7+ Kc8 49. Kxb6 d3 50. Kxc5 d2 51. Rf1 Rc3+ 52. Kd4 Rc1 53. Rxc1+ dxc1=Q 54. h5 Qa3 55. h6 Qxa2 56. h7 Qa1+ 57. Kc4 Qh8 0-1

[Event "*** SCC Grand Prix: Titled Tuesday Blitz"]
[Site "Chess.com"]
[Date "2020.06.02"]
[Round "10"]
[White "flexova"]
[Black "Olga_Zhuravleva"]
[Result "1-0"]
[WhiteElo "2410"]
[BlackElo "2256"]
[TimeControl "180+1"]
[EndTime "11:59:20 PDT"]
[Termination "flexova won on time"]

1. Nf3 g6 2. g3 Bg7 3. Bg2 d5 4. d4 c6 5. O-O Nf6 6. c4 O-O 7. Nbd2 Re8 8. b3 Bf5 9. Bb2 Nbd7 10. e3 Ne4 11. Qe2 e5 12. dxe5 Nxe5 13. Nxe5 Bxe5 14. Bxe5 Rxe5 15. Nf3 Re8 16. Nd4 Qf6 17. c5 Nxc5 18.
Nxf5 Qxf5 19. b4 Nd3 20. g4 Qg5 21. Qxd3 Qxg4 22. h3 Qxb4 23. Rab1 Qe7 24. a4 b6 25. Rfc1 Rac8 26. Rc3 Qe6 27. Rbc1 Red8 28. Qa6 Rc7 29. a5 c5 30. axb6 axb6 31. Rb1 Rd6 32. Rcb3 Rcc6 33. Qa8+ Kg7 34. Ra3 c4 35. Qb8 Qf5 36. Rc1 Rf6 37. Rf1 c3 38. Ra8 Kh6 39. Qf8+ Kh5 40. Qg7 h6 41. Rh8 g5 42. f4 c2 43. Rc1 Rg6 44.
Qf8 gxf4 45. Kh1 f3 46. Bf1 Qg5 47. Rxh6+ Rxh6 48. Qxf7+ Rcg6 49. Qxf3+ Kh4 50. Qf2+ Qg3 51. Qxg3+ Kxg3 52. Rxc2 Rf6 53. Bg2 Rf2 54. Rc7 Rxg2 55.
Rg7+ Kxh3 56. Rxg2 Re6 57. Rb2 Kg3 58. Rxb6 Kf3 59. Rxe6 1-0

[Event "*** SCC Grand Prix: Titled Tuesday Blitz"]
[Site "Chess.com"]
[Date "2020.06.02"]
[Round "10"]
[White "csati17"]
[Black "sunofadawn"]
[Result "1/2-1/2"]
[WhiteElo "2582"]
[BlackElo "2403"]
[TimeControl "180+1"]
[EndTime "11:59:22 PDT"]
[Termination "Game drawn by repetition"]

1. c4 Nf6 2. Nc3 e5 3. g3 Bb4 4. Bg2 O-O 5. Nf3 d6 6. O-O Bxc3 7. dxc3 Nc6 8. Qc2 Be6 9. b3 Qd7 10. Rd1 Bf5 11. Qb2 h6 12. c5 Qe6 13. cxd6 cxd6 14.
c4 Bh3 15. Bh1 d5 16. cxd5 Nxd5 17. Nxe5 Nxe5 18. Bxd5 Rad8 19. Bf4 Rxd5 20. f3 Rxd1+ 21. Rxd1 Ng6 22. Bc1 Qb6+ 23. e3 Be6 24. Qc3 Rd8 25.
Rxd8+ Qxd8 26. Bb2 f6 27. Qc2 Ne5 28. Kg2 Qd3 29.
Qf2 Qb1 30. Bxe5 fxe5 31. e4 b6 32. Qd2 Kh7 33. g4 Qa1 34. h4 Qd4 35. Qc2 a5 36. h5 Qd6 37. Kg3 Kg8 38. Qe2 Kf7 39. Qa6 Bd7 40. Qc4+ Qe6 41. Qd3 Ke7 42. Qd2 Qd6 43.
Qe2 Qf6 44. Kg2 Qc6 45. Qd2 Qc5 46. g5 hxg5 47. Qxg5+ Kd6 48. Qxg7 Qc2+ 49. Kg3 Bb5 50. Qf6+ Kc5 51. Qxe5+ Kb4 52. a3+ Kxa3 53. Qxb5 Qd2 54.
Qxb6 Qg5+ 55. Kf2 Qd2+ 56. Kg3 Qg5+ 57. Kf2 Qd2+ 58. Kg3 1/2-1/2